 Dungeon Crawl Stone Soup version 0.19-a0-14-gde87d98 (webtiles) character file.

1206321 varam the Conqueror (level 27, -27/186 (206) HPs)
             Began as a Minotaur Berserker on Apr 27, 2016.
             Was the Champion of the Shining One.
             Killed from afar by Sasec the pandemonium lord (47 damage)
             ... with a bolt of lightning
             ... in Pandemonium on Apr 29, 2016.
             The game lasted 20:19:00 (130492 turns).

varam the Conqueror (Minotaur Berserker)          Turns: 130492, Time: 20:19:01

HP:   -27/186 (206) AC: 45    Str: 47    XL:     27
MP:   20/31         EV: 35    Int: -2    God:    the Shining One [******]
Gold: 9622          SH: 40    Dex: 22    Spells: 0 memorised, 26 levels left

rFire  + + .     SeeInvis +     k - +9 sacred scourge (holy)
rCold  . . .     Gourm    .     q - +12 gold dragon armour
rNeg   + + +     Faith    .     x - +4 shield of Temperance {rN+ Slay+5}
rPois  +         Spirit   .     l - +2 hat {MR+}
rElec  .         Dismiss  .     N - +2 cloak of Weightlessness {rN+ Dex+3 SInv}
rCorr  .         Reflect  .     T - +0 pair of gloves "Bocs" {Dex+5 Stlth+}
SustAt .         Harm     .     W - +2 pair of boots {Fly}
MR     ++++.     Rnd*Rage +     K - amulet of Vitality {Regen+ HP+15}
Stlth  +.........               a - ring of Etixzau {Fire +Blink Str+10}
                                Z - ring of Sosiyr {*Drain rPois MR+ EV+3 Str+8}

@: divine shield, flying, slowed, lost intelligence, glowing, very slow,
incredibly resistant to hostile enchantments, very unstealthy
A: retaliatory headbutt, horns 2, berserk 2, blurry vision 3, clumsy 1, deformed
body, deterioration 1, dopey 2, frail 3, low mp 2, regeneration 1, screaming 2,
weak 1, subdued magic 2, MP-powered wands
a: Divine Shield, Cleansing Flame, Summon Divine Warrior, Renounce Religion,
Evoke Blink, Stop Flying
}: 8/15 runes: decaying, silver, golden, obsidian, icy, abyssal, demonic,
gossamer


You were in Pandemonium.
You worshipped the Shining One.
The Shining One was exalted by your worship.
You were full.

You visited 17 branches of the dungeon, and saw 86 of its levels.
You visited Pandemonium 1 time, and saw 11 of its levels.
You visited the Abyss 7 times.
You visited 1 bazaar.
You also visited: Ossuary, Volcano and Wizlab.

You collected 15687 gold pieces.
You spent 6065 gold pieces at shops.

Inventory:

Hand Weapons
 k - a +9 sacred scourge of holy wrath (weapon)
 w - a +9 executioner's axe of holy wrath
Armour
 l - a +2 hat of magic resistance (worn)
 q - a +12 gold dragon armour (worn)
 x - the +4 shield of Temperance (worn) {rN+ Slay+5}
   (You took it off Wiglaf on level 2 of the Depths)

   It affects your accuracy and damage with ranged weapons and melee attacks
   (+5).
   It protects you from negative energy.
 N - the +2 cloak of Weightlessness (worn) {rN+ Dex+3 SInv}
   (You bought it in a shop on level 1 of the Vaults)

   It affects your dexterity (+3).
   It protects you from negative energy.
   It lets you see invisible.
 T - the +0 pair of gloves "Bocs" (worn) {Dex+5 Stlth+}
   (You found it on level 3 of the Tomb of the Ancients)

   It affects your dexterity (+5).
   It makes you more stealthy.
 W - a +2 pair of boots of flying (worn)
Rods
 H - a +4 rod of inaccuracy (9/9)
   (You bought it in a shop on level 2 of the Elven Halls)
 R - a +2 rod of ignition (12/12)
   (You found it on level 7 of Cocytus)
Jewellery
 a - the ring of Etixzau (right hand) {Fire +Blink Str+10}
   (You bought it in a shop on level 7 of the Dungeon)

   [ring of fire]

   It enhances your fire magic, and weakens your ice magic.
   It affects your strength (+10).
   It protects you from fire.
   It makes you vulnerable to cold.
   It lets you blink.
 K - the amulet of Vitality (around neck) {Regen+ HP+15}
   (You found it on level 3 of the Swamp)

   [amulet of regeneration]

   It affects your health (+15).
   It increases your rate of regeneration.
 X - an uncursed ring of protection from cold
 Z - the ring of Sosiyr (left hand) {*Drain rPois MR+ EV+3 Str+8}
   (You took it off a deep elf sorcerer on level 3 of the Elven Halls)

   [ring of evasion]

   It affects your evasion (+3).
   It affects your strength (+8).
   It protects you from poison.
   It affects your resistance to hostile enchantments.
   It causes draining when unequipped.
Wands
 d - a wand of heal wounds (7/9)
 L - a wand of digging (16/24)
 M - a wand of heal wounds (5/9)
 Y - a wand of teleportation (3/9)
Scrolls
 e - a scroll of brand weapon
 f - 8 scrolls of remove curse
 h - 6 scrolls of summoning
 i - 6 scrolls of fog
 o - 8 scrolls of identify
 p - 3 scrolls of recharging
 u - 2 scrolls of enchant armour
 v - 27 scrolls of teleportation
 y - 5 scrolls of amnesia
 z - 4 scrolls of fear
 F - 4 scrolls of magic mapping
 I - a scroll of enchant weapon
 S - 9 scrolls of blinking
Potions
 g - 6 potions of agility
 m - 9 potions of haste
 r - 4 potions of resistance
 s - 5 potions of brilliance
 A - 5 potions of heal wounds
 B - 7 potions of might
 C - 5 potions of ambrosia
 E - 35 potions of curing
 Q - 5 potions of cancellation
Miscellaneous
 b - a plain deck of escape {Velocity}
 j - an ornate deck of summoning {Foxfire}
 t - a plain deck of defence {the Shadow}
 D - a legendary deck of summoning {the Pentagram}
 G - a sack of spiders
 J - a legendary deck of summoning {Water}
 P - a box of beasts
 U - a disc of storms
 V - a fan of gales (inert)
Comestibles
 c - 18 fruits
 n - 3 meat rations


   Skills:
 O Level 27 Fighting
 O Level 27 Axes
 - Level 23.5(27) Maces & Flails
   Level 15.7(22.9) Polearms
 O Level 27 Armour
 O Level 27 Dodging
 + Level 23.2 Stealth
 O Level 27 Shields
 - Level 20.5 Invocations
 O Level 27 Evocations


You had 26 spell levels left.
You didn't know any spells.

Dungeon Overview and Level Annotations

Branches:
Dungeon (15/15)            Temple (1/1) D:5            Lair (8/8) D:9
  Swamp (4/4) Lair:5       Spider (4/4) Lair:6        Slime (6/6) Lair:6
    Orc (2/2) D:9             Elf (3/3) Orc:2        Vaults (5/5) D:13
  Crypt (3/3) Vaults:3       Tomb (3/3) Crypt:3      Depths (5/5) D:15
   Hell (1/1)                 Dis (0/7) Hell            Geh (7/7) Hell
    Coc (7/7) Hell            Tar (7/7) Hell            Zot (5/5) Depths:5

Altars:
Cheibriados
Elyvilon
Fedhas
Gozag
Nemelex Xobeh
Pakellas
Qazlal
Ru
Sif Muna
Trog
Yredelemnul
The Shining One
Jiyva
Lugonu

Shops:
D:7 *   D:15 }*   Orc:1 ?   Orc:2 :*   Elf:2 }   Elf:3 *   Vaults:1 [
Vaults:2 =   Vaults:4 (

Portals:
Hell: Depths:2 Depths:3 Depths:4 Depths:5
Abyss: Depths:3 Depths:4 Depths:5
Pandemonium: Depths:3
Ziggurat: Depths:1
Trove: D:10 (lose all piety)

Annotations:
Swamp:4 exclusion: oklob plant
Depths:2 exclusion: 2 oklob plants
Zot:5 exclusions: obsidian statue and orange crystal statue


Innate Abilities, Weirdness & Mutations

You reflexively headbutt those who attack you in melee.
You have a pair of horns on your head.
You often lose your temper in combat.
Scrolls take you much longer to read.
You are clumsy. (Dex -2)
Armour fits poorly on your strangely shaped body.
Your body sometimes deteriorates upon taking damage.
You are very dopey. (Int -4)
You are extremely frail (-30% HP).
Your magical capacity is very low (-20% MP).
Your natural rate of healing is unusually fast.
You sometimes yell uncontrollably at your foes.
You are weak. (Str -2)
Your spells are easier to cast, but less powerful.
You expend magic power (3 MP) to strengthen your wands.


Message History

You feel much better.
This wand has 7 charges left.
Your air elemental barely misses the Tzitzimitl.
Sasec hits your air elemental!
Your air elemental is devoured by a tear in reality.
You block the daeva's attack. x2
You are too injured to fight recklessly!
You hit Sasec.
Sasec convulses.
Sasec is severely wounded.
Sasec sneers, "Accept thy fall, thou defiled rude-growing dewberry!"
You block Sasec's attack.
The ynoxinul gestures.
Your shield is strengthened by the Shining One's divine power.
You feel slightly less full. Sasec gestures at you.
The bolt of lightning hits you! The Shining One protects you from harm!
The bolt of lightning hits the butterfly.
The butterfly dies!
The bolt of lightning hits you!
You die...

## .###
######.[.#
#5..5'##
+#%.)b.##
##3bA§.#
#.@&§##
####3# #.3
.1# .E?
.#.# .#


You could see Sasec, a daeva, a smoke demon, a ynoxinul and 2 ufetubi.

Vanquished Creatures
  Antaeus (Coc:7)
  Asmodeus (Geh:7)
  4 orbs of fire
  10 ancient liches
  Khufu (Crypt:3)
  3 juggernauts
  9 pandemonium lords (Pan)
  Sojobo (Vaults:4)
  33 greater mummies
  Frederick (Vaults:4)
  24 shard shrikes
  Saint Roka (Crypt:3)
  Norris (Vaults:1)
  3 Killer Klowns (Zot:5)
  3 curse toes
  Margery (Vaults:4)
  4 caustic shrikes (Depths:2)
  Geryon (Hell)
  Nikola (Vaults:3)
  4 profane servitors
  5 golden dragons
  Xtahua (Crypt:3)
  An iron giant (Depths:4)
  24 Tzitzimimeh
  38 Brimstone Fiends
  20 bone dragons
  Arachne (Spider:4)
  9 doom hounds
  The ghost of Canard the Sniper, a veteran KoHu of Trog (Crypt:2)
  A Hellbinder (WizLab)
  5 electric golems
  3 hellephants (Abyss:3)
  10 Hell Sentinels
  28 liches
  19 tentacled monstrosities
  24 Orb Guardians (Zot:5)
  18 Ice Fiends
  4 quicksilver dragons
  7 eldritch tentacles
  10 acid blobs
  A deep elf master archer (Elf:3)
  7 titans
  18 Executioners
  3 deep elf blademasters
  11 sphinxes
  9 death cobs
  51 tentacled starspawn
  Frances (Spider:2)
  10 shadow dragons
  5 storm dragons
  8 tengu reavers
  5 draconian monks
  A thorn hunter (Swamp:4)
  Agnes (Spider:2)
  6 ancient champions
  Wiglaf (Depths:2)
  A daeva (Abyss:3)
  5 revenants
  3 azure jellies
  Maud (D:11)
  17 fire giants
  8 ghost moths
  9 draconian knights
  9 deep elf sorcerers
  2 orc warlords
  9 frost giants
  30 balrugs
  Louise (Swamp:3)
  7 iron dragons
  15 vault wardens
  4 draconian scorchers
  2 angels (Abyss:1)
  6 draconian zealots
  A curse skull (Crypt:1)
  14 cacodemons
  3 draconian shifters
  4 emperor scorpions
  Aizul (Spider:2)
  4 warmongers (Pan)
  9 deep elf elementalists
  65 reapers
  A caustic shrike skeleton (Crypt:1)
  5 draconian annihilators
  4 war gargoyles
  23 ironheart preservers
  2 spriggan defenders (Depths:4)
  6 black suns (Pan)
  8 ghouls
  38 very ugly things
  25 salamander stormcallers
  7 vampire knights
  58 stone giants
  7 corrupters (Pan)
  9 deep elf demonologists
  7 chaos champions (Pan)
  4 draconian callers
  5 green draconians
  8 elemental wellsprings
  6 blood saints (Pan)
  10 lorocyprocas
  11 black draconians
  17 deep elf annihilators
  5 mottled draconians
  4 bennus
  6 dire elephants
  11 spark wasps
  8 yellow draconians
  The ghost of no0bjke the Severer, a journeyman MiBe of Trog (D:14)
  3 purple draconians
  9 red draconians
  15 eidola
  9 white draconians
  10 deep elf death magi
  12 ettins
  20 fire dragons
  32 blizzard demons
  24 mummy priests
  38 vault guards
  9 deep elf high priests
  14 quicksilver dragon zombies
  10 green deaths
  9 death oozes (Depths:3)
  33 great orbs of eyes
  9 jiangshi
  8 entropy weavers
  The ghost of no0bjke the Cleaver, a journeyman MiBe of Trog (Orc:1)
  48 ice dragons
  Josephine (Lair:6)
  20 ogre magi
  14 rakshasas
  6 quicksilver dragon skeletons
  19 yaktaur captains
  A naga warrior (Abyss:3)
  17 hydras
  6 spriggan air magi
  A merfolk avatar (Abyss:3)
  13 centaur warriors
  147 large abominations
  4 hell beasts
  6 monstrous demonspawn (Pan)
  5 ghost crabs
  An anaconda (shapeshifter) (Abyss:3)
  5 death knights
  20 dancing weapons
  9 deep troll shamans
  8 tengu warriors
  12 alligators
  6 holy swine (Pan)
  5 death yaks
  An orc high priest (Elf:1)
  14 deep troll earth magi
  12 vampire magi
  20 hell hogs
  2 iron giant zombies (Crypt:2)
  117 hell knights
  56 thrashing horrors
  99 small abominations
  9 spriggan berserkers
  65 soul eaters
  27 deep elf knights
  9 titan skeletons
  9 titan zombies
  36 wretched stars
  An iron golem (Geh:7)
  2 fire crabs
  11 iron trolls
  A fire crab (shapeshifter) (Vaults:5)
  9 shadow wraiths
  6 storm dragon skeletons
  72 sun demons
  6 storm dragon zombies
  89 skeletal warriors
  16 anaconda zombies
  26 death scarabs (Tomb:1)
  18 spatial maelstroms
  3 salamander mystics
  19 flayed ghosts
  3 ghost moth zombies
  9 giant orange brains
  63 deep trolls
  6 golden dragon zombies
  5 gelid demonspawn (Pan)
  A quicksilver dragon simulacrum (Tomb:2)
  2 death drakes
  A death drake (shapeshifter) (Elf:1)
  A swamp dragon (shapeshifter) (Depths:3)
  11 infernal demonspawn (Pan)
  4 swamp dragons
  8 unseen horrors
  188 starcursed masses
  18 deep elf archers
  4 shambling mangroves
  21 shadow demons
  4 wizards
  4 spectral hydras (Swamp:4)
  42 anubis guards
  9 putrid demonspawn (Pan)
  14 ironbrand convokers
  A lindwurm (Lair:8)
  6 torturous demonspawn (Pan)
  Pikel (D:6)
  4 golden dragon skeletons
  2 giant orange brains (shapeshifter)
  A harpy (shapeshifter) (Vaults:1)
  11 anaconda skeletons
  39 hill giants
  29 phantasmal warriors
  A lindwurm (shapeshifter) (Vaults:2)
  7 wolf spider zombies
  13 orc knights
  8 shadow dragon skeletons
  8 shadow dragon zombies
  35 necromancers
  12 orb spiders
  9 cyclopes
  14 stone giant zombies
  66 deep elf magi
  3 iron dragon zombies
  52 wolf spiders
  8 frost giant zombies
  24 salamanders
  8 orc sorcerers
  A toenail golem (Pan)
  14 fire giant zombies
  7 shining eyes
  51 ugly things
  29 moths of wrath
  13 hornets
  17 worldbinders
  9 stone giant skeletons
  2 manticores
  5 griffons
  32 sixfirhies
  A cyclops (shapeshifter) (Vaults:5)
  10 fire giant skeletons
  12 rust devils
  A titan simulacrum (Coc:2)
  A shock serpent zombie (Coc:3)
  5 frost giant skeletons
  A moth of wrath (shapeshifter) (Vaults:5)
  6 black mambas
  4 dire elephant zombies
  5 iron dragon skeletons
  2 torpor snails
  29 elephants
  2 ice statues (Coc:7)
  9 apocalypse crabs
  A guardian serpent (shapeshifter) (Vaults:5)
  9 molten gargoyles
  30 orange demons
  A black mamba (shapeshifter) (Depths:3)
  4 guardian serpents
  13 vault sentinels
  72 smoke demons
  8 eyes of devastation
  6 gargoyles
  17 spiny frogs
  An emperor scorpion zombie (Coc:3)
  35 hellions
  An alligator snapping turtle zombie (Crypt:1)
  A storm dragon simulacrum (Coc:7)
  11 dire elephant skeletons
  A spiny frog (shapeshifter) (Elf:2)
  A spriggan skeleton (Depths:4)
  2 rime drakes (Lair:8)
  43 freezing wraiths
  A komodo dragon (shapeshifter) (Depths:3)
  A catoblepas zombie (Coc:1)
  41 demonic crawlers
  45 tormentors
  23 efreet
  36 ice devils
  A death yak zombie (Crypt:2)
  8 kobold demonologists
  3 shock serpent skeletons
  5 spectral swamp worms (Depths:3)
  A yaktaur (shapeshifter) (Abyss:3)
  12 hellwings
  41 guardian mummies
  9 komodo dragons
  50 yaktaurs
  40 ancient zymes
  5 harpy zombies
  3 swamp worm zombies
  2 merfolk (D:9)
  2 catoblepas skeletons
  16 polar bears
  3 tengu conjurers
  19 hydra zombies
  A queen bee (shapeshifter) (Abyss:2)
  A troll (shapeshifter) (Abyss:2)
  3 jumping spiders (shapeshifter)
  32 jumping spiders
  6 silent spectres
  17 trolls
  56 red devils
  16 hydra skeletons
  Prince Ribbit (D:5)
  A sphinx simulacrum (Depths:4)
  A wolf spider simulacrum (Coc:7)
  A wind drake (shapeshifter) (Vaults:1)
  59 two-headed ogres
  A two-headed ogre (shapeshifter) (Abyss:1)
  131 slime creatures
  7 harpy skeletons
  A shadow dragon simulacrum (Abyss:1)
  An iron dragon simulacrum (Coc:1)
  8 ice dragon zombies
  7 giant leeches
  A guardian serpent zombie (Crypt:1)
  19 bog bodies
  7 fire dragon zombies
  A hornet zombie (D:15)
  Grinder (D:3)
  A spectral swamp dragon (Swamp:4)
  106 raiju
  11 alligator zombies
  9 boulder beetles
  28 blink frogs
  10 ettin zombies
  13 ushabtiu
  3 stone giant simulacra
  2 fire giant simulacra
  A raiju (shapeshifter) (Vaults:2)
  2 vampires
  15 water elementals
  37 shadows
  Sigmund (D:3)
  14 ettin skeletons
  92 redbacks
  3 redbacks (shapeshifter)
  35 tarantellas
  183 flying skulls
  15 air elementals
  2 black mamba zombies
  A dire elephant simulacrum (Coc:2)
  10 ice dragon skeletons
  61 ynoxinuls
  3 wyverns (Lair:6)
  8 fire dragon skeletons
  A satyr skeleton (Crypt:2)
  A fire bat (shapeshifter) (Elf:2)
  8 spriggans
  6 alligator skeletons
  5 basilisks
  6 black mamba skeletons
  3 elf zombies
  22 fire bats
  A yak (shapeshifter) (Vaults:3)
  77 yaks
  37 wraiths
  A human (shapeshifter) (Depths:1)
  44 fire elementals
  47 neqoxecs
  10 hungry ghosts
  19 humans (D:13)
  67 chaos spawn
  17 golden eyes
  53 spatial vortices
  11 hippogriffs
  A gelid demonspawn zombie (Tar:6)
  Edmund (D:6)
  10 vampire mosquitoes
  3 soldier ants
  A hill giant skeleton (Crypt:2)
  4 wargs
  24 insubstantial wisps
  3 mottled dragons
  3 nagas (Abyss:3)
  The ghost of Loki the Insei, an amateur OpTm (D:3)
  A merfolk zombie (Coc:1)
  15 swamp worms
  Duvessa (D:6)
  A minotaur simulacrum (Tar:6)
  62 hell hounds
  14 spiny frog zombies
  20 water moccasins
  4 giant eyeballs
  An infernal demonspawn skeleton (Crypt:2)
  6 hydra simulacra
  A monstrous demonspawn skeleton (Crypt:1)
  13 porcupines
  16 eyes of draining
  A giant eyeball (shapeshifter) (Depths:5)
  5 snapping turtle zombies
  11 wasps
  18 ice beasts
  12 black bears
  43 orc warriors
  8 swamp dragon zombies
  4 sky beasts
  2 black mamba simulacra
  A fire dragon simulacrum (Abyss:2)
  An ice dragon simulacrum (Abyss:3)
  7 swamp drakes
  46 necrophages
  26 phantoms
  101 ogres
  A manticore zombie (Geh:3)
  23 wolves
  2 manticore skeletons
  3 spiny frog skeletons
  A tengu (D:15)
  7 snapping turtle skeletons
  2 swamp dragon skeletons
  12 boggarts
  14 centaurs
  13 crocodiles
  11 big kobolds
  Blork the orc (D:5)
  A giant frog (shapeshifter) (Abyss:4)
  22 giant frogs
  5 earth elementals
  3 spiny frog simulacra
  12 wyvern skeletons
  A wyvern zombie (D:12)
  13 scorpions
  A spriggan zombie (Tar:6)
  2 snapping turtle simulacra
  A killer bee (D:12)
  6 howler monkeys
  113 wights
  2 electric eels
  6 centaur zombies
  17 crimson imps
  3 giant frog zombies
  A human simulacrum (Vaults:1)
  4 hounds
  38 jellies
  19 quasits
  5 human zombies
  20 orc priests
  34 orc wizards
  5 centaur skeletons
  2 giant frog skeletons
  9 iron imps
  Jessica (D:2)
  11 iguanas
  A spectral swamp drake (Swamp:4)
  Ijyb (D:2)
  12 worker ants
  10 hell rats (Hell)
  31 sheep
  3 naga zombies
  3 big kobold zombies (Ossuary)
  A tengu zombie (Tomb:3)
  3 naga skeletons
  A hound zombie (D:7)
  2 tengu skeletons
  A hound skeleton (D:10)
  65 mummies
  3 worker ant zombies
  2 howler monkey skeletons
  4 scorpion zombies (Ossuary)
  19 adders
  44 river rats
  2 swamp drake zombies (Swamp:4)
  22 shadow imps
  A steam dragon skeleton (Crypt:2)
  34 white imps
  17 ufetubi
  11 oozes
  3 adder skeletons (D:9)
  3 worms
  A worm (shapeshifter) (Abyss:1)
  2 dart slugs
  8 giant geckos
  134 orcs
  8 giant cockroaches
  2 gnoll zombies (Ossuary)
  7 goblins
  2 hobgoblins (D:3)
  4 jackals
  36 kobolds
  3 quokkas
  A ball python (D:5)
  A ball python skeleton (Crypt:2)
  A bat (D:2)
  A giant gecko zombie (D:5)
  A giant newt (D:7)
  A goblin zombie (Ossuary)
  A hobgoblin zombie (Ossuary)
  A jackal skeleton (D:6)
  2 jackal zombies
  5 kobold zombies
  An orc skeleton (Geh:7)
  2 orc zombies (Ossuary)
  10 rats
  3 briar patches (Swamp:4)
  A bush (Lair:8)
  10 crawling corpses
  12 fire vortices
  5 fungi
  2 lurking horrors (Abyss:3)
  12 plants
  30 starspawn tentacles
  2 starspawn tentacle segments
  5 withered plants (Crypt:3)
7103 creatures vanquished.

Vanquished Creatures (collateral kills)
  A caustic shrike (Depths:2)
  A bone dragon (Swamp:4)
  2 Tzitzimimeh (Tar:1)
  A deep elf blademaster (Elf:3)
  A quicksilver dragon (Depths:1)
  A sphinx (Depths:1)
  A deep elf elementalist (Elf:3)
  A vault warden (Vaults:2)
  A very ugly thing (Abyss:3)
  A vampire knight (Depths:1)
  A deep elf annihilator (Elf:3)
  2 salamander stormcallers
  An entropy weaver (Depths:1)
  An ogre mage (Orc:2)
  2 rakshasas
  A centaur warrior (Depths:2)
  A hell knight (Hell)
  A spriggan druid (Swamp:3)
  A deep troll (Vaults:2)
  An orc knight (Vaults:2)
  2 ugly things (Vaults:2)
  3 deep elf magi (Vaults:4)
  A fire giant zombie (Hell)
  A stone giant zombie (Tar:1)
  A vault sentinel (Vaults:3)
  A smoke demon (Abyss:3)
  A rust devil (Hell)
  A yaktaur (Vaults:2)
  A hellion (Tar:2)
  A rime drake (Depths:2)
  2 ice devils (Hell)
  A red devil (Geh:1)
  3 tormentors
  2 guardian mummies (Tomb:2)
  A queen bee (shapeshifter) (Depths:1)
  A troll (D:15)
  2 hydra zombies (Hell)
  3 two-headed ogres (Orc:2)
  An alligator zombie (Hell)
  A spriggan (Swamp:3)
  2 ynoxinuls
  4 large abominations (Abyss:3)
  A chaos spawn (Abyss:3)
  A neqoxec (Abyss:3)
  5 wasps (Swamp:3)
  2 necrophages
  2 starcursed masses (Abyss:3)
  8 ogres (Orc:2)
  A swamp dragon zombie (Swamp:4)
  An iron imp (Abyss:3)
  2 mummies
  An ufetubus (Abyss:3)
  2 orcs
  A lurking horror (Abyss:3)
  2 starspawn tentacles (Abyss:3)
88 creatures vanquished.

Vanquished Creatures (others)
  An Orb Guardian (Zot:5)
  A revenant (Tomb:2)
  2 elemental wellsprings
  A stone giant (Vaults:5)
  An ice dragon (Coc:7)
  2 spriggans (Swamp:3)
  2 skeletal warriors
  2 death scarabs (Tomb:1)
  An anaconda zombie (Geh:7)
  A phantasmal warrior (Geh:7)
  A deep elf mage (Elf:3)
  A wizard (Abyss:1)
  A stone giant zombie (Geh:7)
  A harpy skeleton (Geh:7)
  4 flying skulls
  A shadow (Geh:4)
  An air elemental (Depths:2)
  A black mamba zombie (Geh:7)
  An ettin skeleton (Geh:7)
  A fire elemental (Geh:2)
  A golden eye (Abyss:2)
  2 neqoxecs
  An insubstantial wisp (Abyss:3)
  A swamp drake (Depths:2)
  A sky beast (Abyss:3)
  A snapping turtle zombie (Geh:7)
  2 wasps (Swamp:3)
  A centaur (D:6)
  A boggart (Depths:5)
  A manticore zombie (Geh:4)
  4 small abominations
  Dowan (D:6)
  A crimson imp (D:6)
  A hound (D:6)
  A jelly (Abyss:3)
  2 hell rats (Hell)
  A worker ant (D:6)
  4 mummies
  An adder (D:6)
  An ufetubus (Abyss:1)
  An adder zombie (D:6)
  An adder skeleton (D:6)
  2 orcs (D:6)
  2 kobolds (D:6)
  A kobold simulacrum (Tomb:1)
  A kobold zombie (Ossuary)
  2 orc zombies
  A briar patch (Swamp:4)
  67 eldritch tentacle segments
  3 fire vortices
  6 fungi
  12 lost souls
  8 lurking horrors
  3 plants
  82 starspawn tentacles
  603 starspawn tentacle segments
  16 withered plants (Crypt:3)
867 creatures vanquished.

Grand Total: 8058 creatures vanquished

Notes
Turn   | Place    | Note
--------------------------------------------------------------
     0 | D:1      | varam the Minotaur Berserker began the quest for the Orb.
     0 | D:1      | Reached XP level 1. HP: 19/19 MP: 0/0
   418 | D:1      | Reached XP level 2. HP: 27/27 MP: 1/1
   927 | D:2      | Reached XP level 3. HP: 28/33 MP: 2/2
  1016 | D:2      | Noticed Ijyb
  1020 | D:2      | Killed Ijyb
  1051 | D:2      | Found a sparkling altar of Nemelex Xobeh.
  1051 | D:2      | Noticed Jessica
  1056 | D:2      | Killed Jessica
  1056 | D:2      | Reached XP level 4. HP: 41/41 MP: 3/3
  1277 | D:3      | Noticed Grinder
  1286 | D:3      | Killed Grinder
  1286 | D:3      | Reached skill level 5 in Fighting
  1286 | D:3      | Reached XP level 5. HP: 48/48 MP: 4/4
  1286 | D:3      | Reached XP level 6. HP: 56/56 MP: 5/5
  1334 | D:3      | Noticed Sigmund
  1340 | D:3      | Killed Sigmund
  1340 | D:3      | Reached ** piety under Trog
  1340 | D:3      | Reached skill level 5 in Axes
  1479 | D:3      | Noticed Loki's ghost (amateur OpTm)
  1488 | D:3      | Killed Loki's ghost
  1488 | D:3      | Reached skill level 5 in Armour
  1488 | D:3      | Reached XP level 7. HP: 62/62 MP: 6/6
  2732 | D:5      | Entered Level 5 of the Dungeon
  2777 | D:5      | Noticed Prince Ribbit
  3093 | D:5      | Killed Prince Ribbit
  3093 | D:5      | Reached XP level 8. HP: 73/73 MP: 7/7
  3183 | D:5      | Found a staircase to the Ecumenical Temple.
  3608 | D:6      | Noticed Pikel
  3620 | D:6      | Killed Pikel
  3626 | D:6      | Noticed Blork the orc
  3948 | D:5      | Killed Blork the orc
  4161 | D:6      | Noticed Edmund
  4170 | D:6      | Killed Edmund
  4214 | D:6      | Found a stormy altar of Qazlal.
  4269 | D:6      | Reached XP level 9. HP: 82/82 MP: 8/8
  4649 | D:6      | Killed Dowan
  4716 | D:6      | Noticed Duvessa
  4723 | D:6      | Killed Duvessa
  5547 | D:7      | Reached *** piety under Trog
  5590 | D:7      | Found Doeteokh's Assorted Antiques.
  6088 | D:7      | Found a sand-covered staircase.
  6097 | Ossuary  | Entered an ossuary
  6249 | Ossuary  | Reached skill level 10 in Fighting
  6278 | Ossuary  | Reached skill level 10 in Armour
  6394 | Ossuary  | Reached skill level 10 in Axes
  6666 | D:7      | Bought a slimy iron ring for 130 gold pieces
  6667 | D:7      | Identified the ring of Etixzau {Fire +Blink Str+10} (You bought it in a shop on level 7 of the Dungeon)
  6801 | D:7      | Found a snail-covered altar of Cheibriados.
  6942 | D:7      | Bought a scroll labeled CAPLINWOYTIS for 26 gold pieces
  6942 | D:7      | Bought a scroll of identify for 52 gold pieces
  6948 | D:7      | Bought a scroll labeled POMPOCL XAACI for 26 gold pieces
  7485 | D:8      | Reached XP level 10. HP: 93/93 MP: 9/9
  7707 | D:7      | Bought a pair of embroidered boots for 117 gold pieces
  7884 | D:8      | Reached **** piety under Trog
  8435 | D:9      | Found a glowing golden altar of the Shining One.
  8514 | D:9      | Found a staircase to the Orcish Mines.
  8571 | D:9      | Found a staircase to the Lair.
  8688 | D:9      | Got an encrusted spear
  8689 | D:9      | Identified the +5 spear "Orb Guardian's Bane" {pierce, +Inv MP+9 SInv} (You found it on level 9 of the Dungeon)
  9098 | D:9      | Reached ***** piety under Trog
  9137 | D:9      | Found a snail-covered altar of Cheibriados.
  9137 | D:9      | Found a deep blue altar of Sif Muna.
  9138 | D:9      | Found a blossoming altar of Fedhas.
  9161 | D:9      | Found a sacrificial altar of Ru.
  9165 | D:9      | Found a white marble altar of Elyvilon.
  9320 | D:10     | Entered Level 10 of the Dungeon
  9456 | D:10     | Noticed an unseen horror
  9467 | D:10     | Killed an unseen horror
  9467 | D:10     | Reached XP level 11. HP: 63/104 MP: 10/10
  9558 | D:10     | Identified a +0 rod of clouds (10/10) (You found it on level 10 of the Dungeon)
  9760 | D:10     | Received a gift from Trog
  9771 | D:10     | Noticed a hill giant
  9783 | D:10     | Killed a hill giant
 10067 | D:10     | Found a portal to a secret trove of treasure.
 10106 | D:10     | Reached skill level 1 in Polearms
 10130 | D:10     | Noticed a hill giant
 10139 | D:10     | Killed a hill giant
 10591 | D:11     | Received a gift from Trog
 10680 | D:11     | Noticed Maud
 10696 | D:11     | Killed Maud
 10835 | D:11     | Reached skill level 5 in Polearms
 10893 | D:11     | Noticed a hill giant
 10899 | D:11     | Killed a hill giant
 11286 | D:12     | Reached XP level 12. HP: 113/115 MP: 11/11
 11541 | D:12     | Found a bloodstained altar of Trog.
 12057 | D:12     | Noticed a centaur warrior
 12070 | D:12     | Killed a centaur warrior
 12289 | D:12     | Received a gift from Trog
 13012 | D:13     | You fall through a shaft for 2 floors!
 13012 | D:15     | Entered Level 15 of the Dungeon
 13070 | D:15     | Found a staircase to the Depths.
 13181 | D:15     | Noticed a centaur warrior
 13190 | D:15     | Killed a centaur warrior
 13232 | D:14     | Reached XP level 13. HP: 125/125 MP: 12/12
 13242 | D:14     | Reached skill level 15 in Fighting
 13712 | D:13     | Reached skill level 15 in Armour
 13946 | Lair:1   | Entered Level 1 of the Lair of Beasts
 14569 | D:13     | Found a gate to the Vaults.
 14569 | D:13     | Noticed a vault guard
 14569 | D:13     | Noticed a vault guard
 14579 | D:13     | Killed a vault guard
 14579 | D:13     | Reached ****** piety under Trog
 14579 | D:13     | Reached skill level 15 in Axes
 14582 | D:13     | Killed a vault guard
 15468 | D:14     | Noticed no0bjke's ghost (journeyman MiBe)
 15482 | D:14     | Killed no0bjke's ghost
 15482 | D:14     | Reached XP level 14. HP: 137/137 MP: 13/13
 15866 | D:15     | Found Worouw's Gadget Shop.
 16266 | D:15     | Found an opulent altar of Gozag.
 16269 | D:15     | Found Gozag's Platinum Reserve.
 16517 | Lair:1   | Got a steaming falchion
 16518 | Lair:1   | Identified the cursed +1 falchion of Judgement {flame, rN+ Int+4 Dex+3 Stlth-} (You found it on level 1 of the Lair of Beasts)
 17265 | Lair:2   | Received a gift from Trog
 19994 | Lair:5   | Received a gift from Trog
 20343 | Lair:5   | Found a staircase to the Swamp.
 20860 | Lair:6   | Found a dark tunnel.
 20871 | Volcano  | Entered a volcano
 21064 | Volcano  | Found a burning altar of Makhleb.
 21379 | Lair:6   | Reached XP level 15. HP: 142/145 MP: 14/14
 21402 | Lair:6   | Lost intelligence.
 21564 | Lair:6   | Noticed Josephine
 21572 | Lair:6   | Killed Josephine
 21604 | Lair:6   | You fall through a shaft for 2 floors!
 21604 | Lair:8   | Entered Level 8 of the Lair of Beasts
 21620 | Lair:8   | Received a gift from Trog
 22128 | Lair:8   | Got a coiled wooden ring
 22130 | Lair:8   | Identified the ring "Olenorom" {rPois MP+9 Int+2} (You found it on level 8 of the Lair of Beasts)
 22343 | Lair:8   | Reached skill level 5 in Dodging
 22467 | Lair:8   | Received a gift from Trog
 23059 | Lair:7   | Got a steaming quarterstaff
 23060 | Lair:7   | Identified the +10 quarterstaff of Indignation {drain, rPois SInv} (You found it on level 7 of the Lair of Beasts)
 23210 | Lair:7   | Received a gift from Trog
 23639 | Lair:6   | Received a gift from Trog
 23774 | Lair:6   | Found a hole to the Spider Nest.
 23789 | Lair:6   | Received a gift from Trog
 23887 | Lair:6   | Found a staircase to the Slime Pits.
 24295 | Orc:1    | Entered Level 1 of the Orcish Mines
 24296 | Orc:1    | Noticed no0bjke's ghost (journeyman MiBe)
 24301 | Orc:1    | Killed no0bjke's ghost
 24302 | Orc:1    | Found Gaz Ter's Magic Scroll Emporium.
 24353 | Orc:2    | Entered Level 2 of the Orcish Mines
 24453 | Orc:2    | Found a staircase to the Elven Halls.
 24578 | Orc:2    | Reached XP level 16. HP: 101/155 MP: 15/15
 24588 | Orc:2    | Found Pyqexzef's Book Boutique.
 24588 | Orc:2    | Found Rined's Assorted Antiques.
 24612 | Orc:2    | Received a gift from Trog
 24632 | Orc:2    | Found Lyhef's General Store.
 24632 | Orc:2    | Found Dubo's Food Shoppe.
 24656 | Orc:2    | Bought a pair of embroidered gloves for 135 gold pieces
 25744 | Orc:2    | Received a gift from Trog
 25749 | Orc:2    | Got an ichor-stained battleaxe {god gift}
 25750 | Orc:2    | Identified the +3 battleaxe "Xeptuf Fosm" {chop, rElec rPois Int+2 Dex+4} (Trog gifted it to you on level 2 of the Orcish Mines)
 25794 | Orc:1    | Bought a scroll of teleportation for 45 gold pieces
 25794 | Orc:1    | Bought a scroll of enchant weapon for 112 gold pieces
 25794 | Orc:1    | Bought a scroll of teleportation for 45 gold pieces
 25794 | Orc:1    | Bought a scroll of teleportation for 45 gold pieces
 25794 | Orc:1    | Bought a scroll of teleportation for 45 gold pieces
 25988 | Swamp:1  | Entered Level 1 of the Swamp
 27144 | Swamp:2  | You fall through a shaft!
 27144 | Swamp:3  | Noticed Louise
 27155 | Swamp:3  | Killed Louise
 27261 | Swamp:3  | Received a gift from Trog
 28476 | Swamp:3  | Reached skill level 10 in Dodging
 28523 | Swamp:4  | Entered Level 4 of the Swamp
 28555 | Swamp:4  | Noticed a thorn hunter
 28580 | Swamp:4  | Killed a thorn hunter
 29552 | Swamp:4  | Reached XP level 17. HP: 166/166 MP: 16/16
 29582 | Swamp:4  | Noticed a bone dragon
 29594 | Swamp:4  | Killed a bone dragon
 29949 | Swamp:4  | Got a decaying rune of Zot
 30264 | Spider:1 | Entered Level 1 of the Spider Nest
 30275 | Spider:1 | Received a gift from Trog
 31292 | D:9      | Got a jewelled chain mail
 31304 | D:9      | Identified the +4 chain mail of Vuowno {Str+2} (You acquired it on level 9 of the Dungeon)
 31450 | Vaults:1 | Entered Level 1 of the Vaults
 31964 | Vaults:1 | Noticed Norris
 31965 | Vaults:1 | Paralysed by Norris for 5 turns
 31980 | Vaults:1 | Killed Norris
 32307 | Vaults:1 | Received a gift from Trog
 32773 | Vaults:1 | Paralysed by a great orb of eyes for 3 turns
 33150 | Vaults:1 | Found Ahomot's Armour Emporium.
 33158 | Vaults:1 | Bought the +2 cloak of Weightlessness {rN+ Dex+3 SInv} for 579 gold pieces
 33291 | Vaults:1 | Received a gift from Trog
 33294 | Vaults:1 | Got a translucent battleaxe {god gift}
 33295 | Vaults:1 | Identified the +8 battleaxe "Ryxtid" {flame, rElec} (Trog gifted it to you on level 1 of the Vaults)
 33829 | Vaults:2 | Reached XP level 18. HP: 169/178 MP: 17/17
 34419 | Vaults:2 | Found Qeobri Qocoa's Jewellery Emporium.
 34651 | Vaults:2 | Received a gift from Trog
 35180 | Vaults:3 | Noticed Nikola
 35710 | Vaults:3 | Received a gift from Trog
 35716 | Vaults:3 | Got a crude broad axe {god gift}
 35717 | Vaults:3 | Identified the +1 broad axe of Sauhacey {flame, +Fly} (Trog gifted it to you on level 3 of the Vaults)
 35993 | Vaults:3 | Killed Nikola
 37035 | Vaults:2 | Upgraded the game from 0.19-a0 to 0.19-a0-4-ga5c5ac4
 37242 | Vaults:3 | Found a staircase to the Crypt.
 37281 | Vaults:3 | Paralysed by an orc sorcerer for 4 turns
 37287 | Vaults:3 | Reached XP level 19. HP: 70/191 MP: 18/18
 37702 | D:9      | Gained mutation: You are partially covered in rough black scales (AC +4, Dex -1). [potion of mutation]
 37702 | D:9      | Gained mutation: You are partially covered in rugged brown scales (AC +1, +3% HP). [potion of mutation]
 37702 | D:9      | Gained mutation: Your spells are a little harder to cast, but a little more powerful. [potion of mutation]
 37928 | Spider:1 | Received a gift from Trog
 38258 | Spider:2 | Noticed Agnes
 38266 | Spider:2 | Killed Agnes
 38616 | Spider:2 | Noticed Frances
 38626 | Spider:2 | Killed Frances
 38795 | Spider:2 | Noticed Aizul
 38811 | Spider:2 | Killed Aizul
 38832 | Spider:2 | Received a gift from Trog
 40094 | Spider:3 | Received a gift from Trog
 40746 | Spider:4 | Entered Level 4 of the Spider Nest
 41216 | Spider:4 | Noticed Arachne
 41663 | Spider:4 | Killed Arachne
 41847 | Spider:4 | Received a gift from Trog
 42142 | Spider:4 | Received a gift from Trog
 42149 | Spider:4 | Reached XP level 20. HP: 210/210 MP: 0/19
 42430 | Spider:4 | Got a gossamer rune of Zot
 43057 | Vaults:3 | Reached skill level 1 in Evocations
 43811 | Vaults:4 | Received a gift from Trog
 43996 | Vaults:4 | Noticed Margery
 44017 | Vaults:4 | Reached skill level 5 in Evocations
 44020 | Vaults:4 | Killed Margery
 44124 | Vaults:4 | Received a gift from Trog
 44195 | Vaults:4 | Cast into level 3 of the Abyss (tengu reaver)
 44228 | Vaults:4 | Escaped the Abyss
 45028 | Vaults:4 | Found Fanypp's Weapon Boutique.
 45148 | Vaults:4 | Noticed Frederick
 45158 | Vaults:4 | Killed Frederick
 45429 | Vaults:4 | Received a gift from Trog
 45434 | Vaults:4 | Noticed Sojobo
 45441 | Vaults:4 | Killed Sojobo
 45441 | Vaults:4 | Reached skill level 10 in Evocations
 45779 | Elf:1    | Entered Level 1 of the Elven Halls
 46269 | Elf:1    | Reached XP level 21. HP: 219/219 MP: 27/27
 46671 | Elf:1    | Received a gift from Trog
 46721 | Elf:1    | Got a faintly glowing battleaxe {god gift}
 46728 | Elf:1    | Identified the +4 battleaxe "Naorhou" {chop, -Tele Str+3 Int+2 SInv} (Trog gifted it to you on level 1 of the Elven Halls)
 47409 | Elf:2    | Found Henoasal's Gadget Shoppe.
 47552 | Elf:2    | Found a magical portal.
 47583 | WizLab   | Entered The Hall of Naufosa the Hellbinder
 48113 | WizLab   | Found a burning altar of Makhleb.
 48318 | Elf:2    | Found a runed gate.
 48319 | Elf:2    | Found a runed gate.
 48320 | Elf:2    | Found a runed gate.
 48360 | Elf:2    | Received a gift from Trog
 48979 | Elf:2    | Received a gift from Trog
 49220 | Elf:3    | Entered Level 3 of the Elven Halls
 49378 | Elf:3    | Received a gift from Trog
 49505 | Elf:3    | Found Witzom's Assorted Antiques.
 50728 | Elf:3    | Received a gift from Trog
 50735 | Elf:3    | Reached XP level 22. HP: 237/237 MP: 28/28
 51021 | Elf:3    | Reached skill level 27 in Fighting
 51360 | Elf:3    | Got a sparkling wooden ring
 51361 | Elf:3    | Identified the ring of Sosiyr {*Drain rPois MR+ EV+3 Str+8} (You took it off a deep elf sorcerer on level 3 of the Elven Halls)
 51378 | Elf:3    | Got a jewelled demon trident {freeze}
 51379 | Elf:3    | Identified the +3 demon trident of the Dozen Deaths {freeze, rElec rPois rN+ Int+6} (You took it off a deep elf sorcerer on level 3 of the Elven Halls)
 51399 | Elf:3    | Received a gift from Trog
 52014 | Elf:2    | Bought a +4 rod of inaccuracy (9/9) for 1530 gold pieces
 52014 | Elf:2    | Bought a wand of heal wounds (2/9) for 612 gold pieces
 52209 | Elf:3    | Got a crude dagger
 52210 | Elf:3    | Identified the +6 dagger "Hequaxt" {drain, MR+ Int+5} (You found it on level 3 of the Elven Halls)
 52256 | Elf:3    | Got an ichor-stained leather armour
 52267 | Elf:3    | Identified the +1 leather armour of Integrity {rElec MR+++ rCorr Int-5} (You found it on level 3 of the Elven Halls)
 52267 | Elf:3    | Lost intelligence.
 52517 | D:9      | Lost intelligence.
 52574 | D:9      | Lost intelligence.
 52759 | Depths:1 | Entered Level 1 of the Depths
 52889 | Depths:1 | Received a gift from Trog
 52980 | Depths:1 | Found a huge runed gate.
 52980 | Depths:1 | Found a huge runed gate.
 52980 | Depths:1 | Found a huge runed gate.
 52983 | Depths:1 | Found a huge runed gate.
 52983 | Depths:1 | Found a huge runed gate.
 52983 | Depths:1 | Found a huge runed gate.
 52983 | Depths:1 | Found a huge runed gate.
 53202 | Depths:1 | Found a huge runed gate.
 53203 | Depths:1 | Found a huge runed gate.
 53204 | Depths:1 | Found a huge runed gate.
 53205 | Depths:1 | Found a huge runed gate.
 53207 | Depths:1 | Found a huge runed gate.
 53208 | Depths:1 | Found a huge runed gate.
 53209 | Depths:1 | Found a huge runed gate.
 53210 | Depths:1 | Found a huge runed gate.
 53211 | Depths:1 | Found a huge runed gate.
 53224 | Depths:1 | Found a huge runed gate.
 53225 | Depths:1 | Found a huge runed gate.
 53229 | Depths:1 | Found a huge runed gate.
 53229 | Depths:1 | Found a huge runed gate.
 53229 | Depths:1 | Found a huge runed gate.
 53229 | Depths:1 | Found a huge runed gate.
 53229 | Depths:1 | Found a huge runed gate.
 53283 | Depths:1 | Found a white marble altar of Elyvilon.
 53748 | Depths:1 | Found a gateway to a ziggurat.
 54809 | Depths:2 | Found a flickering gateway to a bazaar.
 54818 | Bazaar   | Entered a bazaar
 54826 | Bazaar   | Found Tafriqal's Book Shoppe.
 54826 | Bazaar   | Found Tapa's Jewellery Shoppe.
 54862 | Bazaar   | Found Wimaw's Antique Armour Emporium.
 54862 | Bazaar   | Found Pepasem's Antique Weapon Emporium.
 55093 | Depths:2 | Noticed Wiglaf
 55103 | Depths:2 | Killed Wiglaf
 55169 | Depths:2 | Noticed a caustic shrike
 55170 | Depths:2 | Noticed a caustic shrike
 55172 | Depths:2 | Noticed a caustic shrike
 55172 | Depths:2 | Noticed a caustic shrike
 55173 | Depths:2 | Noticed a caustic shrike
 55187 | Depths:2 | Killed a caustic shrike
 55188 | Depths:2 | Killed a caustic shrike
 55188 | Depths:2 | Killed a caustic shrike
 55189 | Depths:2 | Killed a caustic shrike
 55190 | Depths:2 | Killed a caustic shrike
 55718 | Depths:2 | Found a gateway to Hell.
 56213 | Depths:2 | Got a faintly humming shield
 56794 | D:9      | Identified the +4 shield of Temperance {rN+ Slay+5} (You took it off Wiglaf on level 2 of the Depths)
 56921 | Lair:4   | Reached XP level 23. HP: 247/247 MP: 30/30
 56996 | Slime:1  | Entered Level 1 of the Pits of Slime
 57339 | Slime:3  | Received a gift from Trog
 57503 | Slime:3  | Lost intelligence.
 57693 | Slime:4  | Paralysed by a giant eyeball for 3 turns
 57959 | Slime:4  | Paralysed by a great orb of eyes for 7 turns
 58401 | Slime:5  | Received a gift from Trog
 58420 | Slime:6  | Entered Level 6 of the Pits of Slime
 58484 | Slime:6  | Gained mutation: You tend to lose your temper in combat. [a shining eye]
 59590 | Vaults:5 | Entered Level 5 of the Vaults
 59842 | Vaults:5 | Received a gift from Trog
 60011 | Vaults:5 | Reached skill level 15 in Dodging
 60084 | Vaults:5 | Reached XP level 24. HP: 256/256 MP: 32/32
 60323 | Vaults:5 | Received a gift from Trog
 60343 | Vaults:5 | Got a dazzling glaive {god gift}
 60370 | Vaults:5 | Identified the +11 glaive "Demonslayer" {antimagic, rC++} (Trog gifted it to you on level 5 of the Vaults)
 60465 | Vaults:5 | Got a silver rune of Zot
 61116 | Vaults:5 | Reached skill level 10 in Polearms
 61268 | Vaults:5 | Got an ichor-stained hand axe
 61269 | Vaults:5 | Identified the cursed +0 hand axe of Vaeghe {venom, rN++} (You found it on level 5 of the Vaults)
 61521 | Vaults:5 | Received a gift from Trog
 62710 | Depths:3 | Found a corrupted altar of Lugonu.
 62710 | Depths:3 | Found a one-way gate to the infinite horrors of the Abyss.
 63033 | Depths:3 | Found an oddly glowing altar of Pakellas.
 63354 | Depths:3 | Found a viscous altar of Jiyva.
 63449 | Depths:3 | Noticed a juggernaut
 63465 | Depths:3 | Killed a juggernaut
 63586 | Depths:3 | Reached XP level 25. HP: 263/263 MP: 32/32
 63588 | Depths:3 | Received a gift from Trog
 63828 | Depths:3 | Found a one-way gate leading to the halls of Pandemonium.
 64063 | Depths:3 | Received a gift from Trog
 64074 | Depths:3 | Got a translucent hand axe {god gift}
 64081 | Depths:3 | Identified the +14 hand axe "Ageask" {holy, +Fly} (Trog gifted it to you on level 3 of the Depths)
 65204 | Depths:4 | Received a gift from Trog
 65546 | Depths:4 | Reached skill level 27 in Axes
 65624 | Depths:4 | Received a gift from Trog
 65768 | Depths:4 | Got a steaming marble ring
 65893 | Depths:4 | Noticed a juggernaut
 65908 | Depths:4 | Killed a juggernaut
 66049 | Depths:4 | Noticed a juggernaut
 66062 | Depths:4 | Killed a juggernaut
 66351 | Depths:4 | Reached XP level 26. HP: 273/273 MP: 32/32
 66464 | Depths:4 | Got a distressingly furry plate armour
 66478 | Depths:4 | Identified the +0 plate armour "Vosuthr Dunt" {rPois rN++} (You took it off a deep elf high priest on level 4 of the Depths)
 66651 | Depths:4 | Received a gift from Trog
 66715 | Depths:4 | Got a bone glaive {god gift}
 66719 | Depths:4 | Identified the +4 glaive of Blood-Lust {venom, Str-5 Int+2 Dex+3 SInv} (Trog gifted it to you on level 4 of the Depths)
 67089 | Depths:4 | Got a fine morningstar {crush}
 67090 | Depths:4 | Identified the +12 morningstar of Ukew {crush, rN+} (You took it off a hell knight on level 4 of the Depths)
 67166 | Depths:5 | Entered Level 5 of the Depths
 67708 | Depths:5 | Found a gate to the Realm of Zot.
 67986 | Depths:5 | Received a gift from Trog
 68003 | Depths:5 | Got a fine glaive {god gift}
 68006 | Depths:5 | Identified the +8 glaive of Sah Wuisk {antimagic, rElec MR+} (Trog gifted it to you on level 5 of the Depths)
 68985 | Crypt:1  | Entered Level 1 of the Crypt
 69319 | Crypt:1  | Identified the ring "Goshuul" {rElec rF++ Int+3} (You took it off a hell knight on level 4 of the Depths)
 70359 | Crypt:2  | Noticed Canard's ghost (veteran KoHu)
 70408 | Crypt:2  | Killed Canard's ghost
 71033 | Crypt:2  | Got a smoking ring mail
 71044 | Crypt:2  | Identified the +5 ring mail of the Shore {rN+ rCorr MP-9 Str+5 Int+2} (You found it on level 2 of the Crypt)
 71427 | Crypt:3  | Entered Level 3 of the Crypt
 71547 | Crypt:3  | Noticed Khufu
 71548 | Crypt:3  | Noticed a greater mummy
 71558 | Crypt:3  | Killed Khufu
 71563 | Crypt:3  | Killed a greater mummy
 71977 | Crypt:3  | Found a staircase to the Tomb.
 72102 | Crypt:3  | Found a basalt altar of Yredelemnul.
 72114 | Crypt:3  | Reached skill level 27 in Armour
 72161 | Crypt:3  | Reached XP level 27. HP: 279/279 MP: 32/32
 72234 | Crypt:3  | Gained mutation: You are frail (-10% HP). [potion of mutation]
 72236 | Crypt:3  | Got a flickering bronze ring
 72243 | Crypt:3  | Got a smoking plate armour
 72254 | Crypt:3  | Identified the +9 plate armour "Omuoxzie" {Stlth+} (You found it on level 3 of the Crypt)
 72277 | Crypt:3  | Got a clouded glass ring
 72279 | Crypt:3  | Identified the ring of Hakhuasse {rN+ Str+3} (You found it on level 3 of the Crypt)
 72281 | Crypt:3  | Identified the ring of Aprufuo {rN+ Int+2 Dex+4} (You found it on level 3 of the Crypt)
 72287 | Crypt:3  | Got a twisted trident
 72288 | Crypt:3  | Identified the +7 trident of Hatred {freeze, rC+ MR++} (You found it on level 3 of the Crypt)
 72417 | Crypt:3  | Noticed Xtahua
 72426 | Crypt:3  | Killed Xtahua
 72430 | Crypt:3  | Killed the ghostly Xtahua
 72772 | Crypt:3  | Noticed Saint Roka
 72784 | Crypt:3  | Killed Saint Roka
 72789 | Crypt:3  | Killed the ghostly Saint Roka
 73183 | Tomb:1   | Entered Level 1 of the Tomb of the Ancients
 74151 | Tomb:1   | Noticed a greater mummy
 74172 | Tomb:1   | Killed a greater mummy
 74454 | Tomb:1   | Noticed a greater mummy
 74456 | Tomb:1   | Noticed a greater mummy
 74462 | Tomb:1   | Killed a greater mummy
 74464 | Tomb:1   | Killed a greater mummy
 74464 | Tomb:1   | Received a gift from Trog
 74772 | Tomb:1   | Got an iridescent battleaxe {god gift}
 74787 | Tomb:1   | Identified the +6 battleaxe "Jinwez" {chop, +Fly rF+} (Trog gifted it to you on level 1 of the Tomb of the Ancients)
 75020 | Tomb:2   | Noticed an ancient lich
 75022 | Tomb:2   | Noticed a greater mummy
 75023 | Tomb:2   | Noticed a greater mummy
 75023 | Tomb:2   | Noticed a greater mummy
 75191 | Tomb:2   | Killed an ancient lich
 75198 | Tomb:2   | Killed a greater mummy
 75202 | Tomb:2   | Killed a greater mummy
 75202 | Tomb:2   | Lost intelligence.
 75211 | Tomb:1   | Killed a greater mummy
 76784 | D:9      | Lost mutation: You tend to lose your temper in combat. [potion of cure mutation]
 76784 | D:9      | Lost mutation: Your spells are a little harder to cast, but a little more powerful. [potion of cure mutation]
 76784 | D:9      | Lost mutation: You are partially covered in rugged brown scales (AC +1, +3% HP). [potion of cure mutation]
 76784 | D:9      | Lost mutation: You are frail (-10% HP). [potion of cure mutation]
 76947 | Temple   | Entered the Ecumenical Temple
 78790 | Tomb:1   | Noticed a greater mummy
 78790 | Tomb:1   | Noticed a greater mummy
 78794 | Tomb:1   | Noticed a greater mummy
 78798 | Tomb:1   | Noticed a greater mummy
 78799 | Tomb:1   | Killed a greater mummy
 78800 | Tomb:1   | Noticed a greater mummy
 78801 | Tomb:1   | Killed a greater mummy
 78805 | Tomb:1   | Noticed a greater mummy
 78807 | Tomb:1   | Killed a greater mummy
 78814 | Tomb:2   | Killed a greater mummy
 79133 | Tomb:1   | Noticed a greater mummy
 79138 | Tomb:1   | Killed a greater mummy
 79143 | Tomb:1   | Killed a greater mummy
 79150 | Tomb:1   | Killed a greater mummy
 79401 | Tomb:1   | Noticed a greater mummy
 79408 | Tomb:1   | Killed a greater mummy
 79457 | Tomb:1   | Noticed a greater mummy
 79773 | Tomb:1   | Killed a greater mummy
 79851 | Tomb:1   | Noticed a greater mummy
 79870 | Tomb:1   | Killed a greater mummy
 79934 | Tomb:1   | Noticed a greater mummy
 79947 | Tomb:1   | Killed a greater mummy
 79999 | Tomb:1   | Noticed a greater mummy
 80004 | Tomb:1   | Killed a greater mummy
 80012 | Tomb:1   | Noticed a greater mummy
 80022 | Tomb:1   | Killed a greater mummy
 80227 | Tomb:1   | Noticed a greater mummy
 80228 | Tomb:1   | Noticed a greater mummy
 80231 | Tomb:1   | Noticed a greater mummy
 80234 | Tomb:1   | Killed a greater mummy
 80238 | Tomb:1   | Killed a greater mummy
 80241 | Tomb:1   | Noticed a greater mummy
 80246 | Tomb:1   | Killed a greater mummy
 80249 | Tomb:1   | Noticed a greater mummy
 80250 | Tomb:1   | Killed a greater mummy
 80260 | Tomb:1   | Killed a greater mummy
 81174 | Tomb:3   | Entered Level 3 of the Tomb of the Ancients
 81187 | Tomb:3   | Noticed a greater mummy
 81199 | Tomb:3   | Noticed a greater mummy
 81245 | Tomb:3   | Noticed an ancient lich
 81499 | Tomb:3   | Noticed a greater mummy
 81503 | Tomb:3   | Killed a greater mummy
 81519 | Tomb:3   | Killed a greater mummy
 81526 | Tomb:2   | Killed an ancient lich
 81851 | Tomb:3   | Noticed a greater mummy
 81861 | Tomb:2   | Killed a greater mummy
 82171 | Tomb:2   | Killed a greater mummy
 82682 | Tomb:3   | Noticed a greater mummy
 82886 | Tomb:3   | Killed a greater mummy
 82972 | Tomb:3   | Got a pair of transparent boots
 82983 | Tomb:3   | Identified the +1 pair of boots "Nyvydigh" {rPois Int+6 Dex-2} (You found it on level 3 of the Tomb of the Ancients)
 83171 | Tomb:3   | Noticed a greater mummy
 83184 | Tomb:3   | Killed a greater mummy
 83226 | Tomb:3   | Noticed a greater mummy
 83235 | Tomb:3   | Killed a greater mummy
 83235 | Tomb:3   | Lost intelligence.
 83472 | Tomb:3   | Noticed a greater mummy
 83485 | Tomb:3   | Killed a greater mummy
 83709 | Tomb:3   | Got a golden rune of Zot
 83862 | Tomb:3   | Got an ancient emerald amulet
 83877 | Tomb:3   | Identified the amulet "Jovunwe" {Dismiss *Drain rC+ SInv} (You found it on level 3 of the Tomb of the Ancients)
 83905 | Tomb:3   | Got a transparent scale mail
 83907 | Tomb:3   | Got an ancient glaive
 83918 | Tomb:3   | Identified the +4 scale mail of the Trout {MR+ Str+2 Int+4 Slay+2} (You found it on level 3 of the Tomb of the Ancients)
 83918 | Tomb:3   | Identified the +8 glaive of Weckyoss {chop, rPois rN+} (You found it on level 3 of the Tomb of the Ancients)
 83928 | Tomb:3   | Got a pair of jewelled gloves
 83939 | Tomb:3   | Identified the +0 pair of gloves "Bocs" {Dex+5 Stlth+} (You found it on level 3 of the Tomb of the Ancients)
 84770 | Depths:4 | Voluntarily entered the Abyss.
 84917 | Abyss:1  | Reached skill level 27 in Dodging
 84951 | Abyss:1  | Lost mutation: You are partially covered in rough black scales (AC +4, Dex -1). [a neqoxec]
 85397 | Abyss:1  | Gained mutation: You regenerate slowly when monsters are visible. [a neqoxec]
 85941 | Abyss:1  | Gained mutation: Your spells are a little easier to cast, but a little less powerful. [a neqoxec]
 86029 | Abyss:1  | Upgraded the game from 0.19-a0-4-ga5c5ac4 to 0.19-a0-14-gde87d98
 86308 | Abyss:1  | Lost intelligence.
 86331 | Abyss:2  | Found a corrupted altar of Lugonu.
 86363 | Abyss:2  | Found a corrupted altar of Lugonu.
 86677 | Abyss:2  | Paralysed by a giant eyeball for 2 turns
 86683 | Abyss:2  | Received a gift from Trog
 86687 | Abyss:2  | Paralysed by a giant eyeball for 2 turns
 87131 | Abyss:3  | Reached skill level 15 in Polearms
 87174 | Depths:4 | Escaped the Abyss
 87195 | Depths:4 | Voluntarily entered the Abyss.
 87197 | Abyss:1  | Found a corrupted altar of Lugonu.
 87217 | Abyss:1  | Reached skill level 15 in Evocations
 88161 | Abyss:1  | Found a corrupted altar of Lugonu.
 88240 | Depths:4 | Escaped the Abyss
 88624 | Orc:2    | Bought a scroll of enchant weapon for 225 gold pieces
 88738 | Elf:3    | Bought a scroll of enchant armour for 240 gold pieces
 88738 | Elf:3    | Bought a scroll of enchant weapon for 240 gold pieces
 89770 | Depths:4 | Voluntarily entered the Abyss.
 89770 | Abyss:1  | Found a corrupted altar of Lugonu.
 89824 | Abyss:1  | Reached skill level 1 in Shields
 90086 | Abyss:2  | Reached skill level 1 in Maces & Flails
 90193 | Abyss:2  | Received a gift from Trog
 90252 | Abyss:2  | Found a deep blue altar of Sif Muna.
 90455 | Abyss:2  | Found a corrupted altar of Lugonu.
 90549 | Abyss:2  | Found a burning altar of Makhleb.
 90776 | Abyss:2  | Reached skill level 5 in Shields
 90955 | Abyss:2  | Found a corrupted altar of Lugonu.
 91043 | Abyss:2  | Paralysed by accursed screaming for 1 turns
 91269 | Abyss:2  | Gained mutation: You are clumsy. (Dex -2) [a shining eye]
 91271 | Abyss:2  | Gained mutation: You tend to lose your temper in combat. [a shining eye]
 91653 | Abyss:3  | Reached skill level 10 in Shields
 92056 | Abyss:3  | Received a gift from Trog
 92355 | Abyss:3  | Paralysed by accursed screaming for 1 turns
 92367 | Abyss:3  | Reached skill level 15 in Shields
 93097 | Abyss:4  | Received a gift from Trog
 93209 | Abyss:4  | Paralysed by accursed screaming for 1 turns
 93252 | Depths:4 | Escaped the Abyss
 93301 | Depths:4 | Lost mutation: You tend to lose your temper in combat. [potion of cure mutation]
 93301 | Depths:4 | Lost mutation: You are clumsy. (Dex -2) [potion of cure mutation]
 93301 | Depths:4 | Lost mutation: You regenerate slowly when monsters are visible. [potion of cure mutation]
 93301 | Depths:4 | Lost mutation: Your spells are a little easier to cast, but a little less powerful. [potion of cure mutation]
 93305 | Depths:4 | Voluntarily entered the Abyss.
 93334 | Abyss:1  | Found a corrupted altar of Lugonu.
 93434 | Abyss:1  | Noticed an ancient lich
 93447 | Abyss:1  | Killed an ancient lich
 93459 | Depths:4 | Escaped the Abyss
 93488 | Depths:4 | Voluntarily entered the Abyss.
 93521 | Abyss:1  | Found a corrupted altar of Lugonu.
 93667 | Depths:4 | Escaped the Abyss
 93849 | D:9      | Fell from the grace of Trog
 93849 | D:9      | Became a worshipper of the Shining One
 94196 | Depths:4 | Voluntarily entered the Abyss.
 94205 | Abyss:1  | Found a stormy altar of Qazlal.
 94355 | Abyss:1  | Found a deep blue altar of Sif Muna.
 94399 | Abyss:1  | Gained mutation: Your muscles are strong. (Str +2) [a neqoxec]
 94400 | Abyss:1  | Gained mutation: Your muscles are very strong. (Str +4) [a neqoxec]
 94422 | Abyss:1  | Reached * piety under the Shining One
 94641 | Abyss:1  | Reached ** piety under the Shining One
 94833 | Abyss:1  | Reached skill level 1 in Invocations
 94854 | Abyss:1  | Reached *** piety under the Shining One
 94996 | Abyss:2  | Found a corrupted altar of Lugonu.
 95086 | Abyss:2  | Reached **** piety under the Shining One
 95359 | Abyss:3  | Reached skill level 5 in Invocations
 95414 | Abyss:3  | Paralysed by accursed screaming for 1 turns
 95428 | Abyss:3  | Gained mutation: You expend magic power (3 MP) to strengthen your wands. [a neqoxec]
 95429 | Abyss:3  | Gained mutation: You are frail (-10% HP). [a neqoxec]
 95431 | Abyss:3  | Lost mutation: Your muscles are very strong. (Str +4) [a neqoxec]
 95433 | Abyss:3  | Lost mutation: Your muscles are strong. (Str +2) [a neqoxec]
 95436 | Abyss:3  | Reached ***** piety under the Shining One
 96210 | Abyss:3  | Reached ****** piety under the Shining One
 96289 | Abyss:3  | Paralysed by accursed screaming for 1 turns
 96290 | Abyss:3  | Lost intelligence.
 96357 | Abyss:3  | Gained mutation: Potions and wands are less effective at restoring your health. [a neqoxec]
 96361 | Abyss:3  | Lost mutation: You are frail (-10% HP). [potion of cure mutation]
 96361 | Abyss:3  | Lost mutation: You expend magic power (3 MP) to strengthen your wands. [potion of cure mutation]
 96361 | Abyss:3  | Lost mutation: Potions and wands are less effective at restoring your health. [potion of cure mutation]
 96401 | Abyss:3  | Gained mutation: You are dopey. (Int -2) [a neqoxec]
 96403 | Abyss:3  | Gained mutation: Potions and wands are less effective at restoring your health. [a neqoxec]
 96424 | Abyss:3  | Reached skill level 10 in Invocations
 96496 | Abyss:3  | Paralysed by accursed screaming for 2 turns
 96500 | Abyss:3  | HP: 10/288 [starcursed mass/accursed screaming (8)]
 96501 | Abyss:3  | HP: 4/288 [starcursed mass/accursed screaming (19)]
 96501 | Abyss:3  | Paralysed by accursed screaming for 2 turns
 96510 | Abyss:3  | Found a corrupted altar of Lugonu.
 96648 | Abyss:3  | Found a corrupted altar of Lugonu.
 96818 | Abyss:3  | Found a corrupted altar of Lugonu.
 96859 | Abyss:3  | Lost mutation: You are dopey. (Int -2) [potion of cure mutation]
 96859 | Abyss:3  | Lost mutation: Potions and wands are less effective at restoring your health. [potion of cure mutation]
 97060 | Abyss:3  | Found a corrupted altar of Lugonu.
 97468 | Abyss:3  | Paralysed by you for 7 turns
 97475 | Abyss:3  | Found a sparkling altar of Nemelex Xobeh.
 97497 | Abyss:3  | Gained mutation: You are clumsy. (Dex -2) [a neqoxec]
 98145 | Abyss:3  | Gained mutation: You are very clumsy. (Dex -4) [a neqoxec]
 98156 | Abyss:3  | Gained mutation: You tend to lose your temper in combat. [a neqoxec]
 98159 | Abyss:3  | Gained mutation: You occasionally shout uncontrollably at your foes. [a neqoxec]
 98160 | Abyss:3  | Gained mutation: Your magical capacity is low (-10% MP). [a neqoxec]
 98163 | Abyss:3  | Gained mutation: Your body sometimes deteriorates upon taking damage. [a neqoxec]
 98179 | Abyss:3  | Lost intelligence.
 98202 | Abyss:3  | Lost mutation: Your body sometimes deteriorates upon taking damage. [potion of cure mutation]
 98202 | Abyss:3  | Lost mutation: Your magical capacity is low (-10% MP). [potion of cure mutation]
 98203 | Abyss:3  | Lost mutation: You are very clumsy. (Dex -4) [potion of cure mutation]
 98203 | Abyss:3  | Lost mutation: You tend to lose your temper in combat. [potion of cure mutation]
 98636 | Abyss:3  | Reached skill level 15 in Invocations
 98639 | Abyss:3  | Noticed an ancient lich
 98646 | Abyss:3  | Killed an ancient lich
 98649 | Abyss:3  | Got an abyssal rune of Zot
 98769 | Abyss:4  | Paralysed by accursed screaming for 1 turns
 98781 | Abyss:4  | Paralysed by accursed screaming for 2 turns
 98812 | Depths:4 | Escaped the Abyss
 98863 | Hell     | Entered the Vestibule of Hell
 98863 | Hell     | Noticed Geryon
 99017 | Hell     | Killed Geryon
 99116 | Hell     | Found a gateway to the freezing wastes of Cocytus.
 99196 | Hell     | Found a gateway to the ashen valley of Gehenna.
 99238 | Hell     | Found a gateway to the decaying netherworld of Tartarus.
 99409 | Hell     | Found a gateway to the Iron City of Dis.
 99568 | Hell     | Paralysed by Trog for 4 turns
 99669 | Zot:1    | Entered Level 1 of the Realm of Zot
 99745 | Zot:1    | Reached skill level 5 in Maces & Flails
 99819 | Zot:1    | Lost mutation: You occasionally shout uncontrollably at your foes. [potion of cure mutation]
 99819 | Zot:1    | Lost mutation: You are clumsy. (Dex -2) [potion of cure mutation]
100594 | Zot:2    | Reached skill level 10 in Maces & Flails
101073 | Zot:2    | Got an encrusted trident
101075 | Zot:2    | Identified the +1 trident of Eternal Vigilance {freeze, rPois} (You acquired it on level 2 of the Realm of Zot)
101785 | Zot:3    | Noticed an orb of fire
101798 | Zot:3    | Gained mutation: You occasionally shout uncontrollably at your foes. [an orb of fire]
101802 | Zot:3    | Killed an orb of fire
102242 | Zot:4    | Noticed an orb of fire
102264 | Zot:4    | Killed an orb of fire
102879 | Zot:5    | Entered Level 5 of the Realm of Zot
103225 | Zot:5    | Was forgiven by Trog
103225 | Zot:5    | Paralysed by Trog for 7 turns
103266 | Zot:5    | Noticed an orb of fire
103283 | Zot:5    | Noticed an ancient lich
103283 | Zot:5    | Gained mutation: You regenerate slowly when monsters are visible. [an orb of fire]
103284 | Zot:5    | Noticed an orb of fire
103286 | Zot:5    | Noticed an ancient lich
103286 | Zot:5    | Noticed an ancient lich
103288 | Zot:5    | Gained mutation: Scrolls take you a little longer to read. [an orb of fire]
103289 | Zot:5    | Lost mutation: You regenerate slowly when monsters are visible. [an orb of fire]
103294 | Zot:5    | Noticed an ancient lich
103296 | Zot:5    | Gained mutation: You are frail (-10% HP). [an orb of fire]
103299 | Zot:5    | Killed an orb of fire
103304 | Zot:5    | Noticed an ancient lich
103307 | Zot:5    | Gained mutation: Your natural rate of healing is unusually fast. [an orb of fire]
103308 | Zot:5    | Gained mutation: You are very frail (-20% HP). [an orb of fire]
103309 | Zot:5    | Killed an orb of fire
103312 | Zot:5    | Killed an ancient lich
103317 | Zot:5    | Killed an ancient lich
103323 | Zot:5    | Killed an ancient lich
103328 | Zot:5    | Killed an ancient lich
103374 | Zot:5    | Killed an ancient lich
104433 | D:9      | Identified a +8 executioner's axe of holy wrath (a +6 antimagic executioner's axe blessed by the Shining One)
104433 | D:9      | Received a gift from the Shining One
104655 | Geh:1    | Entered Level 1 of Gehenna
104689 | Geh:1    | Lost intelligence.
106118 | Geh:2    | Gained mutation: You expend magic power (3 MP) to strengthen your wands. [mutagenic glow]
106161 | Geh:2    | Gained mutation: You are dopey. (Int -2) [mutagenic glow]
106193 | Geh:2    | Gained mutation: Scrolls take you longer to read. [mutagenic glow]
107345 | Orc:2    | Bought a bread ration for 65 gold pieces
107345 | Orc:2    | Bought a meat ration for 65 gold pieces
107345 | Orc:2    | Bought a beef jerky for 19 gold pieces
107345 | Orc:2    | Bought a bread ration for 65 gold pieces
107345 | Orc:2    | Bought 3 fruits for 58 gold pieces
107345 | Orc:2    | Bought a bread ration for 65 gold pieces
107345 | Orc:2    | Bought a bread ration for 65 gold pieces
107345 | Orc:2    | Bought 5 fruits for 97 gold pieces
107345 | Orc:2    | Bought a meat ration for 65 gold pieces
107345 | Orc:2    | Bought a slice of pizza for 19 gold pieces
107345 | Orc:2    | Bought a bread ration for 65 gold pieces
107345 | Orc:2    | Bought 5 fruits for 97 gold pieces
107346 | Orc:2    | Bought the Handbook of Enchantment for 656 gold pieces
108444 | Geh:4    | Reached skill level 27 in Shields
108485 | Geh:4    | Lost intelligence.
110393 | Geh:6    | Lost intelligence.
111053 | Geh:6    | Gained mutation: Armour fits poorly on your strangely shaped body. [mutagenic glow]
111056 | Geh:7    | Entered Level 7 of Gehenna
111086 | Geh:7    | Lost mutation: You are very frail (-20% HP). [mutagenic glow]
111143 | Geh:7    | Gained mutation: Your spells are a little easier to cast, but a little less powerful. [mutagenic glow]
111177 | Geh:7    | Gained mutation: You tend to lose your temper in combat. [mutagenic glow]
111212 | Geh:7    | Gained mutation: Your muscles are strong. (Str +2) [mutagenic glow]
111266 | Geh:7    | Gained mutation: You are very frail (-20% HP). [mutagenic glow]
111724 | Geh:7    | Gained mutation: You are extremely frail (-30% HP). [a cacodemon]
111833 | Geh:7    | Identified Arphuir's Catalogue of Attacks
111849 | Geh:7    | Got a crude marble ring
111852 | Geh:7    | Identified the ring "Hiel" {MP+9 Dex+3 Stlth+} (You found it on level 7 of Gehenna)
112430 | Geh:7    | Noticed Asmodeus
112447 | Geh:7    | Killed Asmodeus
112484 | Geh:7    | Got an obsidian rune of Zot
113146 | D:15     | Bought a legendary deck of changes for 260 gold pieces
113146 | D:15     | Bought an ornate deck of wonders for 200 gold pieces
113163 | D:15     | Drew Focus: Str increased to 30, Int decreased to 3
113164 | D:15     | Lost mutation: You are extremely frail (-30% HP). [helix card]
113168 | D:15     | Lost intelligence.
113168 | D:15     | Drew Focus: Str increased to 31, Int decreased to 2
113173 | D:15     | Lost mutation: Scrolls take you longer to read. [helix card]
113470 | Coc:1    | Entered Level 1 of Cocytus
115803 | Coc:5    | Reached skill level 1 in Stealth
116037 | Coc:7    | Entered Level 7 of Cocytus
116211 | Coc:7    | Reached skill level 5 in Stealth
116852 | Coc:7    | Reached skill level 10 in Stealth
116936 | Coc:7    | Reached skill level 27 in Evocations
117000 | Coc:7    | Noticed Antaeus
117017 | Coc:7    | Killed Antaeus
117119 | Coc:7    | Got an icy rune of Zot
117247 | Coc:7    | Identified the Disquisition on the Birds
117352 | Coc:7    | Identified the Almanac of Transmutation (You found it on level 7 of Cocytus)
117656 | Tar:1    | Entered Level 1 of Tartarus
117812 | Tar:1    | Reached skill level 15 in Stealth
119653 | Tar:3    | Reached skill level 15 in Maces & Flails
120257 | Tar:4    | Noticed an ancient lich
120268 | Tar:4    | Killed an ancient lich
121322 | Tar:7    | Entered Level 7 of Tartarus
122144 | Pan      | Entered Pandemonium
122151 | Pan      | Found an exit through the horrors of the Abyss.
122197 | Pan      | Noticed Dylawk the pandemonium lord
122205 | Pan      | Killed Dylawk the pandemonium lord
122216 | Pan      | Gained mutation: Scrolls take you longer to read. [a neqoxec]
122220 | Pan      | Gained mutation: Your magical capacity is low (-10% MP). [a neqoxec]
122666 | Pan      | Noticed Nowni the pandemonium lord
122671 | Pan      | Killed Nowni the pandemonium lord
123035 | Pan      | Found an exit through the horrors of the Abyss.
123371 | Pan      | Noticed Duruus Jukiu the pandemonium lord
123391 | Pan      | Killed Duruus Jukiu the pandemonium lord
123568 | Pan      | Lost mutation: You are very frail (-20% HP). [potion of cure mutation]
123568 | Pan      | Lost mutation: Your muscles are strong. (Str +2) [potion of cure mutation]
123568 | Pan      | Lost mutation: You expend magic power (3 MP) to strengthen your wands. [potion of cure mutation]
123568 | Pan      | Lost mutation: You are frail (-10% HP). [potion of cure mutation]
123812 | Pan      | Found an exit through the horrors of the Abyss.
124715 | Pan      | Found an exit through the horrors of the Abyss.
125064 | Pan      | Gained mutation: You often lose your temper in combat. [a cacodemon]
125256 | Pan      | Noticed Laizatof the pandemonium lord
125273 | Pan      | Killed Laizatof the pandemonium lord
125283 | Pan      | Got a demonic rune of Zot
126058 | Pan      | Found an exit through the horrors of the Abyss.
126350 | Pan      | Found a huge runed gate.
126356 | Pan      | Noticed Gegholl the pandemonium lord
126357 | Pan      | Gained mutation: You are very dopey. (Int -4) [a neqoxec]
126357 | Pan      | Gained mutation: Scrolls take you much longer to read. [a neqoxec]
126367 | Pan      | Found an exit through the horrors of the Abyss.
126418 | Pan      | Killed Gegholl the pandemonium lord
126487 | Pan      | Gained mutation: Your spells are easier to cast, but less powerful. [a neqoxec]
126590 | Pan      | Lost mutation: Scrolls take you much longer to read. [a neqoxec]
126590 | Pan      | Gained mutation: You are frail (-10% HP). [a neqoxec]
126674 | Pan      | Gained mutation: You expend magic power (3 MP) to strengthen your wands. [a neqoxec]
126822 | Pan      | Gained mutation: You are very frail (-20% HP). [a neqoxec]
126824 | Pan      | Gained mutation: You are extremely frail (-30% HP). [a neqoxec]
126843 | Pan      | Found an exit through the horrors of the Abyss.
127285 | Pan      | Identified a +2 rod of ignition (12/12) (You found it on level 7 of Cocytus)
127473 | Pan      | Found a runed door.
127558 | Pan      | Noticed Sabofamn the pandemonium lord
127571 | Pan      | Killed Sabofamn the pandemonium lord
128066 | Pan      | Found an exit through the horrors of the Abyss.
128112 | Pan      | Noticed Viecw the pandemonium lord
128122 | Pan      | Killed Viecw the pandemonium lord
128293 | Pan      | Gained mutation: Your magical capacity is very low (-20% MP). [a neqoxec]
128294 | Pan      | Gained mutation: You sometimes yell uncontrollably at your foes. [a neqoxec]
128423 | Pan      | Gained mutation: Your body sometimes deteriorates upon taking damage. [a neqoxec]
128797 | Pan      | Gained mutation: Scrolls take you much longer to read. [a neqoxec]
128888 | Pan      | Gained mutation: You are clumsy. (Dex -2) [a neqoxec]
129245 | Pan      | Found a runed door.
129254 | Pan      | Found a runed door.
129254 | Pan      | Noticed Jaliag the pandemonium lord
129261 | Pan      | Killed Jaliag the pandemonium lord
129271 | Pan      | Found a runed door.
129271 | Pan      | Found a runed door.
129530 | Pan      | Found an exit through the horrors of the Abyss.
129721 | Pan      | Noticed Cukofoq the pandemonium lord
129734 | Pan      | Killed Cukofoq the pandemonium lord
130029 | Pan      | Found an exit through the horrors of the Abyss.
130150 | Pan      | Gained mutation: You are weak. (Str -2) [a cacodemon]
130478 | Pan      | Noticed Sasec the pandemonium lord
130492 | Pan      | The Shining One protects you from harm!
130492 | Pan      | Killed from afar by Sasec the pandemonium lord

Vault maps used:
D:1:      evilmike_arrival_plus
D:2:      first_bread, nemelex_lonely_heart_becter, uniq_jessica, uniq_iyjb
D:3:      uniq_grinder, uniq_sigmund
D:4:      minmay_opposing_rooms
D:5:      minmay_temple_entry_glassed_door, uniq_prince_ribbit1
D:6:      gup_sewer_entry_spiral, minmay_misc_feat_square,
          nicolae_qazlal_eye_of_the_storm, uniq_edmund, uniq_blork_the_orc,
          uniq_pikel, uniq_duvessa
D:7:      enter_ossuary_1, serial_shops, nicolae_shop_overgrown_old_shop,
          basic_altar
D:9:      minmay_four_partial_circles, nicolae_overflow_hidden_temple,
          nicolae_overflow_crystal_walls, dpeg_lair_monsters, hiddenorc1_lemuel
D:10:     nicolae_trove_entry_free_sample, hangedman_little_slice_of_home
D:11:     minmay_unpleasant_kobolds, uniq_maud
D:12:     kennysheep_room_grid, serial_ice, serial_ice_d, serial_ice_b,
          serial_ice_h, serial_ice_g, bloody_trog
D:13:     grunt_vaults_entry_tiered
D:14:     nrook_uturn, minmay_misc_feat_pillars
D:15:     hangedman_depths_entry_try_elsewhere_first, serial_shops, shop,
          nrook_mini_vaults, nicolae_gozag_zags_fifth_avenue
Temple:   hc_temple_tempest_star
Lair:1:   grunt_megastairs_3
Lair:2:   st_stairs_9, lemuel_fruit_tree, infiniplex_staircase_pool
Lair:4:   minmay_lair_venomous_thicket, grunt_forest_large_clearings
Lair:5:   beast_lair_carwin_large_4, swamp_mist
Lair:6:   nicolae_spider_entry_non_spiders, slime_dummy,
          nicolae_volcano_entry_batcave, infiniplex_staircase_pool_2,
          grunt_megastairs_4, uniq_josephine
Lair:7:   serial_bayou_ford_a
Lair:8:   hangedman_lair_in_review
Swamp:1:  nicolae_swamp_very_dense_foliage
Swamp:2:  hangedman_swamp_pad
Swamp:3:  evilmike_swamp_ruin_house_2, swamp_pool4,
          nicolae_swamp_hydra_murder_den, uniq_louise
Swamp:4:  swamp_pestilence, swamp_pool1
Spider:2: spider_trap, uniq_frances, uniq_aizul, uniq_agnes
Spider:4: grunt_spider_rune_parallel, nicolae_arachne_temple
Slime:2:  basic_altar
Slime:5:  nicolae_slime_phagocytosis
Orc:1:    serial_shops, shop
Orc:2:    st_orc_ogre_mass, special_room
Elf:1:    minmay_elf_crystal_octagon, orc_legates
Elf:2:    lightli_enter_wizlab_magi_temple, serial_shops, shop
Elf:3:    minmay_elf_hall_hex, serial_shops, shop
Vaults:1: v_pattern_3, v_misc_1, grunt_vaults_trifunnel,
          ontoclasm_vaults_ligature, vaults_room_grunt_arrival_checkpoint,
          v_misc_4, v_misc_26, vaults_dpeg_encased_lava, serial_shops, shop,
          uniq_norris
Vaults:2: v_misc_24, v_pattern_1, vaults_room_fancy_cross, grunt_vaults_swirl,
          nicolae_vaults_little_squares_4, vaults_dpeg_hooks, v_misc_24,
          dpeg_vaults_monster_row, vaults_room_fours, serial_shops,
          nicolae_shop_behind_doors
Vaults:3: nicolae_vaults_three_branches, grunt_vaults_focal,
          vaults_room_hangedman_quadrants, minmay_crypt_entry_simple_statues,
          ontoclasm_vaults_spin, v_rooms_2, ontoclasm_vaults_tryst,
          stair_cage_open, vaults_mumra_hex, nicolae_vaults_gold_heap,
          nicolae_vaults_asterisk, ontoclasm_vaults_twist,
          hangedman_vaults_slice, v_misc_3, uniq_nikola
Vaults:4: v_misc_16, v_alt_pattern_6, vaults_room_pools, nicolae_vaults_big_ls,
          v_misc_25, hangedman_vaults_trim, v_pattern_5,
          ontoclasm_vaults_shuriken, ontoclasm_vaults_ring_large,
          nicolae_vaults_little_squares_5, v_misc_2,
          nicolae_vaults_little_squares_4, vaults_room_grid, serial_shops, shop,
          uniq_frederick, uniq_sojobo, uniq_margery
Vaults:5: serial_shops
Crypt:3:  evilmike_haunted_forest, uniq_saint_roka, uniq_khufu, uniq_xtahua
Depths:1: enter_ziggurat_b, lemuel_statue_altar, pf_dread_powers_of_hell,
          kennysheep_cross_room, door_vault
Depths:2: gold_lair_mu, hell_entry, serial_shops, bzr_entry_gold,
          minmay_misc_feat_chi, kennysheep_generic_room_4, serial_bayou_shore_b,
          serial_bayou_shore_b, uniq_wiglaf
Depths:3: kennysheep_snake, abyss_entry_flame_altar, pf_hell_entry_tar_river,
          hangedman_decor_cross_pass, grunt_pan_entry_spiral, special_room,
          kennysheep_small_spiral
Depths:4: grunt_runaround, hell_entry, abyss_entry
Depths:5: evilmike_zot_entry_diamond, hangedman_coc_ice_floe,
          grunt_decor_resistance, abyss_entry
Geh:2:    grunt_deathspiral_small
Geh:4:    lemuel_flamethrower_2
Geh:6:    lemuel_flamethrower_3
Geh:7:    evilmike_geh
Coc:4:    serial_ice, serial_ice_n, serial_ice_e, serial_ice_j, serial_ice_h,
          serial_ice_o, serial_ice_c, serial_ice_b
Coc:7:    coc_grunt_cove
Tar:2:    nicolae_tar_cuneiform_water
Tar:4:    kb_skeletal_archery
Tar:6:    nicolae_tar_cuneiform_oil
Tar:7:    tar_mu
Zot:1:    st_stairs_13, grunt_megastairs_2
Zot:3:    kennysheep_blocky_hall, grunt_ministairs_8
Zot:4:    grunt_ministairs_15
Abyss:1:  evilmike_abyss_exit_12, minivault_13, hangedman_cross_veins
Abyss:3:  abyss_exit_lava, hangedman_abyss_or_decor_passed,
          hangedman_illusive_loot, serial_sigils_hangedman_shear
Abyss:4:  minivault_24, minivault_27, patterned_corridor,
          evilmike_abyss_exit_plants
Pan:      evilmike_mini_pan_doors, rand_demon_6, nicolae_pan_cerebovesque_2,
          evilmike_mini_pan_thingy, nicolae_pan_mnolegish_3,
          evilmike_mini_pan_doors_b, evilmike_mini_pan_diamond,
          nicolae_pan_giant_door, rand_demon_9, rand_demon_3,
          nicolae_pan_strange_glyphs, nicolae_pan_mnolegish_1, pan_surprise,
          pan_captured_pigsty, rand_demon_7, reaverb_pan_squares,
          evilmike_mini_pan_other_thingy, nicolae_pan_cerebovesque_2,
          grunt_pan_pentagram, pan_blood_fountain_small,
          nicolae_pan_strange_glyphs
Bazaar:   grunt_bazaar_doublecross
Ossuary:  ossuary_minmay_scorpions
Volcano:  volcano_lake
WizLab:   wizlab_demon

Skill      XL: |  1  2  3  4  5  6  7  8  9 10 11 12 13 14 15 16 17 18 19 20 21 22 23 24 25 26 27 |
---------------+----------------------------------------------------------------------------------+-----
Fighting       | 4 5 7 8 10 11 13 14 16 17 18 20 21 23 26 27 | 27.0
Armour         | 3 4 5 6 8 10 11 13 14 15 16 18 19 20 21 22 24 27 | 27.0
Axes           | 4 5 7 8 10 11 12 13 15 18 19 20 21 22 23 25 27 | 27.0
Dodging        | 3 4 7 10 12 15 16 18 27 | 27.0
Polearms       | 5 6 8 10 15 | 15.7
Evocations     | 10 11 13 14 27 | 27.0
Shields        | 27 | 27.0
Maces & Flails | 23 | 23.5
Invocations    | 20 | 20.5
Stealth        | 23 | 23.2

Action                   |  1- 3 |  4- 6 |  7- 9 | 10-12 | 13-15 | 16-18 | 19-21 | 22-24 | 25-27 || total
-------------------------+-------+-------+-------+-------+-------+-------+-------+-------+-------++-------
Melee: Hand axe          |    12 |       |       |       |       |       |       |       |    13 ||    25
       Headbutt          |     3 |     3 |    75 |   164 |   239 |   300 |   279 |   271 |  3009 ||  4343
       Dagger            |    11 |       |       |       |       |       |       |       |       ||    11
       Mace              |     5 |       |    37 |       |       |       |       |       |       ||    42
       Club              |     2 |    23 |   189 |       |       |       |       |       |       ||   214
       Dire flail        |       |       |    67 |     7 |       |       |       |       |       ||    74
       Battleaxe         |       |       |    22 |   201 |   757 |  1038 |  1051 |   880 |  2275 ||  6224
       Flail             |       |       |    16 |       |       |       |       |       |       ||    16
       Whip              |       |       |     8 |       |       |       |       |       |       ||     8
       Spear             |       |       |       |   394 |    97 |     9 |       |       |       ||   500
       Executioner's axe |       |       |       |       |     2 |       |       |       |  1992 ||  1994
       Glaive            |       |       |       |       |       |       |       |     4 |       ||     4
       Sacred scourge    |       |       |       |       |       |       |       |       |  5213 ||  5213
Invok: Berserk           |     1 |     3 |    14 |    11 |    19 |    36 |    13 |    14 |    27 ||   138
       Trog's Hand       |       |       |     1 |       |     3 |    13 |     9 |     5 |     8 ||    39
       Burn Spellbooks   |       |       |       |     3 |     7 |     5 |     7 |    11 |     6 ||    39
       Brothers in Arms  |       |       |       |       |     4 |    12 |     4 |     6 |     6 ||    32
       Divine Shield     |       |       |       |       |       |       |       |       |    13 ||    13
       Cleansing Flame   |       |       |       |       |       |       |       |       |    12 ||    12
       Summon Divine War |       |       |       |       |       |       |       |       |    11 ||    11
       Brand Weapon With |       |       |       |       |       |       |       |       |     1 ||     1
 Abil: Evoke Blink       |       |       |     5 |       |       |       |       |     1 |     2 ||     8
       Evoke Flight      |       |       |       |       |     1 |       |       |       |     1 ||     2
Evoke: Wand              |       |       |       |       |       |       |     2 |     3 |    21 ||    26
       Rod               |       |       |       |       |       |       |       |     1 |       ||     1
       Deck              |       |       |       |       |       |       |       |       |    34 ||    34
       Fan of gales      |       |       |       |       |       |       |       |       |     2 ||     2
  Use: Scroll            |       |       |    14 |     2 |    24 |     4 |     8 |     7 |    56 ||   115
       Potion            |       |       |       |       |       |     3 |     7 |     2 |    42 ||    54
 Stab: Sleeping          |       |       |     1 |       |       |       |       |       |       ||     1
       Distracted        |       |       |       |       |       |     4 |     3 |     4 |    10 ||    21
       Held in net/web   |       |       |       |       |       |       |     2 |       |       ||     2
       Petrified         |       |       |       |       |       |       |       |       |     1 ||     1
  Eat: Bread ration      |       |     1 |     5 |     1 |     2 |     1 |     1 |     5 |    24 ||    40
       Chunk             |       |     1 |     6 |    14 |    28 |    40 |    18 |     9 |    44 ||   160
       Beef jerky        |       |       |     3 |     2 |       |       |     3 |     3 |     9 ||    20
       Pizza             |       |       |     2 |       |       |       |     1 |     2 |     7 ||    12
       Royal jelly       |       |       |     1 |       |     3 |     9 |     1 |       |     3 ||    17
       Meat ration       |       |       |       |     1 |     2 |     2 |     6 |     2 |    26 ||    39
       Fruit             |       |       |       |       |     4 |    11 |     3 |    17 |    27 ||    62
Armor: Ring mail         |     7 |     2 |    91 |       |       |       |       |       |       ||   100
       Plate armour      |       |     2 |    72 |   228 |   422 |   323 |   440 |   246 |   584 ||  2317
       Chain mail        |       |       |       |    66 |       |   145 |     4 |       |       ||   215
       Scale mail        |       |       |       |       |       |       |    71 |    58 |    92 ||   221
       Leather armour    |       |       |       |       |       |       |       |    12 |       ||    12
       Gold dragon armou |       |       |       |       |       |       |       |       |  1262 ||  1262
       Skin              |       |       |       |       |       |       |       |       |     1 ||     1
Dodge: Dodged            |    16 |    13 |   186 |   232 |   340 |   597 |   588 |   678 |  7268 ||  9918
Block: Shield            |       |       |       |       |       |       |       |       |  4722 ||  4722
       Other             |       |       |       |       |       |       |       |       |    62 ||    62
